 Dungeon Crawl Stone Soup version 0.25.1-2-g60ff931df9 (webtiles) character file.

Game seed: 6758923432934129313

79 HawFromDerth the Covert (level 4, -3/23 HPs)
             Began as a Spriggan Assassin on Sept 21, 2020.
             Slain by an orc
             ... wielding a +0 flail
              (9 damage)
             ... on level 3 of the Dungeon.
             The game lasted 00:04:48 (2291 turns).

HawFromDerth the Covert (Spriggan Assassin)         Turns: 2291, Time: 00:04:49

Health: -3/23      AC:  3    Str:  7    XL:     4   Next: 16%
Magic:  5/5        EV: 17    Int: 12    God:
Gold:   62         SH:  0    Dex: 18    Spells: 3/3 levels left

rFire    . . .     SeeInvis +   a - +2 dagger
rCold    . . .     Gourm    .   (shield restricted)
rNeg     . . .     Faith    .   b - +0 robe
rPois    .         Spirit   .   (helmet restricted)
rElec    .         Reflect  .   c - +0 cloak
rCorr    .         Harm     .   (gloves unavailable)
MR       .....                  (boots unavailable)
Stlth    ++++......             (no amulet)
HPRegen  0.07/turn              (no ring)
MPRegen  0.09/turn              (no ring)

@: very quick
A: very small, unfitting armour, see invisible, herbivore, speed 3, slow
metabolism 2
a: no special abilities


You were on level 3 of the Dungeon.
You were not hungry.

You visited 1 branch of the dungeon, and saw 3 of its levels.

You collected 62 gold pieces.

Inventory:

Hand Weapons
 a - a +2 dagger (weapon)
Missiles
 d - 3 poisoned darts (quivered)
 e - 2 curare-tipped darts
Armour
 b - a +0 robe (worn)
 c - a +0 cloak (worn)
Jewellery
 g - an uncursed ring of fire
Scrolls
 h - 2 scrolls of identify
 j - a scroll of remove curse {unknown}
 l - 2 scrolls of teleportation
Potions
 i - a potion of mutation {unknown}
Comestibles
 f - 3 rations


   Skills:
 + Level 1.7 Fighting
 * Level 2.7 Short Blades
 + Level 2.0 Throwing
 + Level 1.8 Dodging
 * Level 8.1 Stealth


You had 3 spell levels left.
You didn't know any spells.
Your spell library contained the following spells:

 Spells                   Type           Power        Failure   Level  Hunger
 Beastly Appendage        Tmut           #.....       32%         1    ##.....
 Sticks to Snakes         Tmut           #.......     45%         2    ###....
 Spider Form              Tmut/Pois      #.........   69%         3    ####...
 Ice Form                 Ice/Tmut       #.......     97%         4    #####..
 Blade Hands              Tmut           #.........   100%        5    ######.


Dungeon Overview and Level Annotations

Branches:
Dungeon (3/15)

Altars:
Cheibriados
Fedhas


Innate Abilities, Weirdness & Mutations

You are very small and have problems with some larger weapons.
You are too small for most types of armour.
You have supernaturally acute eyesight. (SInv)
You are a herbivore.
You cover ground extremely quickly.
You need to consume almost no food.


Message History

The orc hits you but does no damage.
You barely miss the orc.
The orc is heavily wounded.
The orc hits you with a +0 club.
You hit the orc.
You kill the orc!
The orc hits you with a +0 flail.
Items here: )) [ † a +0 club; a +0 scale mail; a +0 dagger; an orc corpse You closely miss the orc.
The orc hits you with a +0 flail.
* * * LOW HITPOINT WARNING * * *
You hit the orc.
The orc is heavily wounded.
You hit the orc.
The orc is almost dead.
The orc barely misses you.
You closely miss the orc.
The orc is severely wounded.
The orc hits you with a +0 flail!
You die...

#..........# ###
#..........############
#..>..................#
#..........############
#..........# #### #
#..........# #... .
#..........# ...###
######..o)(## g...#
###@#.o## ....
#.##.(### #.##
#.###...# #.#. #.#
###.#######..o #.#
#....S.....# #.#
####.####†## #.# #.#
#.# #.# ### ..# #.#
....


You could see an orc.

Vanquished Creatures
  A worker ant (D:2)
  An adder (D:3)
  A leopard gecko (D:1)
  6 orcs (D:3)
  3 giant cockroaches
  2 goblins
  2 hobgoblins (D:1)
  4 jackals (D:3)
  2 ball pythons
  A bat (D:1)
  5 frilled lizards
  5 kobolds
  7 rats
40 creatures vanquished.

Notes
Turn   | Place    | Note
-------+----------+-------------------------------------------
     0 | D:1      | HawFromDerth the Spriggan Assassin began the quest for the
                  | Orb.
     0 | D:1      | Reached XP level 1. HP: 10/10 MP: 2/2
    34 | D:1      | Reached skill level 6 in Stealth
   561 | D:1      | Reached XP level 2. HP: 14/14 MP: 3/3
  1013 | D:2      | Reached skill level 7 in Stealth
  1013 | D:2      | Reached XP level 3. HP: 18/18 MP: 4/4
  1402 | D:2      | Found a snail-covered altar of Cheibriados.
  2108 | D:3      | Found a blossoming altar of Fedhas.
  2265 | D:3      | Reached skill level 8 in Stealth
  2265 | D:3      | Reached XP level 4. HP: 16/23 MP: 5/5
  2291 | D:3      | Slain by an orc

Illustrated notes

Levels and vault maps discovered:
D:1:      dpeg_arrival_windows_large_door, layout_basic, serial_curves,
          eino_curves_04, eino_curves_02, eino_curves_01
D:2:      layout_loops_corners, lemuel_round_altar,
          nicolae_overflow_hidden_temple, uniq_natasha
D:3:      layout_rooms, fedhas_altar_3, hangedman_ru_absence,
          nicolae_gozag_cash_rules_everything_around_me, uniq_grinder,
          uniq_crazy_yiuf_cottage

Skill      XL: |  1  2  3 |
---------------+----------+-----
Stealth        | 6 7 8 |  8.1
Fighting       | |  1.7
Short Blades   | |  2.7
Throwing       | |  2.0
Dodging        | |  1.8

Action                   |  1- 3 |  4- 6 || total
-------------------------+-------+-------++-------
Melee: Dagger            |   100 |    14 ||   114
Throw: Dart              |       |     5 ||     5
  Use: Scroll            |     5 |       ||     5
       Potion            |     2 |       ||     2
 Stab: Sleeping          |    15 |       ||    15
Armor: Robe              |     5 |     2 ||     7
Dodge: Dodged            |    75 |     4 ||    79
